| TOP OF THE 1ST |
|
Seattle Mariners batting - Pitching for Boston Red Sox : RHP Mario Rodríguez
|
|
Pitching: RHP Mario Rodríguez
|
|
|
Batting: LHB Kolten Wong
|
0-0: Swinging Strike 0-1: Called Strike 0-2: Ball 1-2: Foul Ball, location: 5F 1-2: Foul Ball, location: 7LMF 1-2: Ball 2-2: Ground out 6-3 (Groundball, 6, EV 83.8 MPH)
|
|
Batting: LHB Eric Stewart
|
0-0: Ball 1-0: Ball 2-0: SINGLE (Line Drive, 89S, EV 86.9 MPH)
|
|
Batting: RHB Alex Jackson
|
0-0: Foul Ball, location: 2F 0-1: Foul Ball, location: 7LDF 0-2: Strikes out looking
|
|
Batting: LHB Ryan McMahon
|
0-0: SINGLE (Line Drive, 8LS, EV 103.1 MPH) Eric Stewart to second Runner from 2nd tries for 3rd, SAFE, throw by CF made to third
|
|
Now in CF: Cristián Colón
|
|
|
Now in RF: Mookie Betts
|
|
|
Batting: LHB Mike Hahn
|
0-0: Ball 1-0: Foul Ball, location: 7LMF 1-1: Fly out, F9 (Line Drive, 9, EV 91.9 MPH)
|
| Top of the 1st over - 0 runs, 2 hits, 0 errors, 2 left on base; Seattle 0 - Boston 0 |
| BOTTOM OF THE 1ST |
|
Boston Red Sox batting - Pitching for Seattle Mariners : RHP Trey Supak
|
|
Pitching: RHP Trey Supak
|
|
|
Batting: RHB Steve Pratt
|
0-0: Foul Ball, location: 5SF 0-1: Ball 1-1: Foul Ball, location: 9LSF 1-2: Ground out 4-3 (Groundball, 4, EV 80.6 MPH)
|
|
Batting: RHB Jim Williamson
|
0-0: Fly out, F8 (Flyball, 89D, EV 103.8 MPH)
|
|
Batting: SHB Dan Combs
|
0-0: Ball 1-0: Ground out 4-3 (Groundball, 4, EV 87.5 MPH)
|
| Bottom of the 1st over - 0 runs, 0 hits, 0 errors, 0 left on base; Seattle 0 - Boston 0 |
| TOP OF THE 2ND |
|
Seattle Mariners batting - Pitching for Boston Red Sox : RHP Mario Rodríguez
|
|
Batting: LHB Bob Hollis
|
0-0: Ball 1-0: Ball 2-0: Called Strike 2-1: Ground out 4-3 (Groundball, 4, EV 81.3 MPH)
|
|
Batting: RHB Chris Bryan
|
0-0: Ground out 6-3 (Groundball, P, EV 91.9 MPH)
|
|
Batting: LHB Corey Seager
|
0-0: Ball 1-0: Called Strike 1-1: Foul Ball, location: 2F 1-2: Foul Ball, location: 2LF 1-2: Fly out, F8 (Line Drive, 8LD, EV 89.4 MPH)
|
| Top of the 2nd over - 0 runs, 0 hits, 0 errors, 0 left on base; Seattle 0 - Boston 0 |
| BOTTOM OF THE 2ND |
|
Boston Red Sox batting - Pitching for Seattle Mariners : RHP Trey Supak
|
|
Batting: LHB Rafael Devers
|
0-0: SINGLE (Groundball, 4MD, EV 100.6 MPH)
|
|
Batting: RHB Xander Bogaerts
|
0-0: Called Strike 0-1: Ball 1-1: Foul Ball, location: 2F 1-2: Ball 2-2: Ball 3-2: DOUBLE (Flyball, 8RXD, EV 100.0 MPH) Rafael Devers to third
|
|
Batting: RHB Mookie Betts
|
0-0: Ball 1-0: 3-RUN HOME RUN (Flyball, 78XD, EV 103.1 MPH), Distance : 415 ft
|
|
Batting: RHB Cristián Colón
|
0-0: Ball 1-0: Called Strike 1-1: SOLO HOME RUN (Flyball, 8RXD, EV 109.4 MPH), Distance : 410 ft
|
|
Batting: RHB Kevin Plawecki
|
0-0: Called Strike 0-1: Swinging Strike 0-2: Ball 1-2: Ball 2-2: Fly out, F8 (Flyball, 89XD, EV 91.3 MPH)
|
|
Batting: RHB Nelson Martínez
|
0-0: Ball 1-0: Foul Ball, location: 9LMF 1-1: Ball 2-1: Swinging Strike 2-2: Ball 3-2: Strikes out looking
|
|
Batting: RHB Steve Pratt
|
0-0: SINGLE (Groundball, 6MD, EV 104.4 MPH)
|
|
Batting: RHB Jim Williamson
|
0-0: Ball Steve Pratt steals 2nd base 1-0: Ball 2-0: Foul Ball, location: 2F 2-1: Foul Ball, location: 7LMF 2-2: Fly out, F8 (Flyball, 8RM, EV 81.9 MPH)
|
| Bottom of the 2nd over - 4 runs, 5 hits, 0 errors, 1 left on base; Seattle 0 - Boston 4 |
| TOP OF THE 3RD |
|
Seattle Mariners batting - Pitching for Boston Red Sox : RHP Mario Rodríguez
|
|
Batting: RHB Mario Hysquierdo
|
0-0: Foul Ball, location: 3SF 0-1: Ground out 4-3 (Groundball, 4, EV 89.4 MPH)
|
|
Batting: LHB Kolten Wong
|
0-0: Called Strike 0-1: Ball 1-1: DOUBLE (Line Drive, 89M, EV 106.9 MPH)
|
|
Batting: LHB Eric Stewart
|
0-0: Called Strike 0-1: Ball 1-1: Swinging Strike 1-2: Foul Ball, location: 9LMF 1-2: Ball 2-2: Ball 3-2: Foul Ball, location: 5SF 3-2: SINGLE (Line Drive, 7LS, EV 85.0 MPH) Kolten Wong to third
|
|
Batting: RHB Alex Jackson
|
0-0: Ball 1-0: Ball 2-0: Called Strike 2-1: SINGLE (Line Drive, 7S, EV 96.3 MPH) Kolten Wong scores Eric Stewart to second
|
|
Batting: LHB Ryan McMahon
|
0-0: Ball 1-0: Ball 2-0: 3-RUN HOME RUN (Flyball, 8RXD, EV 111.3 MPH), Distance : 435 ft
|
|
Batting: LHB Mike Hahn
|
0-0: Ball 1-0: Called Strike 1-1: Ball 2-1: Swinging Strike 2-2: Foul Ball, location: 2F 2-2: Strikes out looking
|
|
Batting: LHB Bob Hollis
|
0-0: Ball 1-0: Ball 2-0: Called Strike 2-1: Called Strike 2-2: Ground out 4-3 (Groundball, 4, EV 95.0 MPH)
|
| Top of the 3rd over - 4 runs, 4 hits, 0 errors, 0 left on base; Seattle 4 - Boston 4 |
| BOTTOM OF THE 3RD |
|
Boston Red Sox batting - Pitching for Seattle Mariners : RHP Trey Supak
|
|
Batting: SHB Dan Combs
|
0-0: Called Strike 0-1: SINGLE (Line Drive, 4MD, EV 109.4 MPH)
|
|
Batting: LHB Rafael Devers
|
0-0: Foul Ball, location: 2F 0-1: Ball 1-1: Ball 2-1: Foul Ball, location: 3F 2-2: Ball 3-2: Strikes out swinging
|
|
Batting: RHB Xander Bogaerts
|
0-0: Ball 1-0: Ball 2-0: SINGLE (Line Drive, 89M, EV 100.0 MPH) Dan Combs to second
|
|
Batting: RHB Mookie Betts
|
0-0: Foul Ball, location: 5F 0-1: Ball 1-1: Foul Ball, location: 5FF 1-2: Foul Ball, location: 9LMF 1-2: Strikes out looking
|
|
Batting: RHB Cristián Colón
|
0-0: Ball 1-0: Ball 2-0: Ball 3-0: Called Strike 3-1: Base on Balls Dan Combs to third Xander Bogaerts to second
|
|
Batting: RHB Kevin Plawecki
|
0-0: Ball 1-0: Foul Ball, location: 23F 1-1: SINGLE (Flyball, 8LS, EV 90.6 MPH) Dan Combs scores Xander Bogaerts to third Cristián Colón to second Runner from 3rd tries for Home, SAFE, throw by CF to home
|
|
Pitching: RHP Jesus Zambrano
|
|
|
Batting: RHB Nelson Martínez
|
0-0: Fielders Choice at 2nd, 4-6 (Groundball, 6M, EV 106.9 MPH)
|
| Bottom of the 3rd over - 2 runs, 3 hits, 0 errors, 2 left on base; Seattle 4 - Boston 6 |
| TOP OF THE 4TH |
|
Seattle Mariners batting - Pitching for Boston Red Sox : RHP Mario Rodríguez
|
|
Batting: RHB Chris Bryan
|
0-0: Called Strike 0-1: Foul Ball, location: 2F 0-2: Foul Ball, location: 3F 0-2: SINGLE (Flyball, 56D, EV 96.9 MPH)
|
|
Batting: LHB Corey Seager
|
Pickoff Throw to First - Out! 1-3 0-0: Swinging Strike 0-1: Swinging Strike 0-2: Foul Ball, location: 2F 0-2: Ball 1-2: Strikes out swinging
|
|
Batting: RHB Mario Hysquierdo
|
0-0: Called Strike 0-1: Foul Ball, location: 2F 0-2: Foul Ball, location: 9LMF 0-2: Ball 1-2: Ball 2-2: Fly out, F3 (Popup, 3SF, EV 79.4 MPH)
|
| Top of the 4th over - 0 runs, 1 hit, 0 errors, 0 left on base; Seattle 4 - Boston 6 |
| BOTTOM OF THE 4TH |
|
Boston Red Sox batting - Pitching for Seattle Mariners : RHP Jesus Zambrano
|
|
Batting: RHB Steve Pratt
|
0-0: Called Strike 0-1: Ball 1-1: Ball 2-1: Foul Ball, location: 5F 2-2: Foul Ball, location: 2F 2-2: SOLO HOME RUN (Flyball, 89XD, EV 111.3 MPH), Distance : 442 ft
|
|
Batting: RHB Jim Williamson
|
0-0: Ball 1-0: Foul Ball, location: 25FF 1-1: Ball 2-1: DOUBLE (Flyball, 78XD, EV 108.1 MPH)
|
|
Batting: SHB Dan Combs
|
0-0: Called Strike 0-1: Ball 1-1: Swinging Strike 1-2: Strikes out swinging
|
|
Batting: LHB Rafael Devers
|
0-0: Ball 1-0: Ball 2-0: Foul Ball, location: 9LMF 2-1: SINGLE (Line Drive, 6D, EV 94.4 MPH) Jim Williamson to third
|
|
Batting: RHB Xander Bogaerts
|
0-0: Ball 1-0: Ground out 6-3 (Groundball, 13, EV 85.6 MPH) Jim Williamson scores Rafael Devers to second
|
|
Batting: RHB Mookie Betts
|
0-0: Ball 1-0: Called Strike 1-1: Swinging Strike 1-2: Ball 2-2: Foul Ball, location: 2F 2-2: Foul Ball, location: 5FF 2-2: Ground out 5-3 (Groundball, 56S, EV 79.4 MPH)
|
| Bottom of the 4th over - 2 runs, 3 hits, 0 errors, 1 left on base; Seattle 4 - Boston 8 |
| TOP OF THE 5TH |
|
Seattle Mariners batting - Pitching for Boston Red Sox : RHP Mario Rodríguez
|
|
Batting: LHB Kolten Wong
|
0-0: Ball 1-0: Swinging Strike 1-1: Ball 2-1: Fly out, F6 (Line Drive, 6, EV 65.6 MPH)
|
|
Batting: LHB Eric Stewart
|
0-0: Called Strike 0-1: Called Strike 0-2: Ball 1-2: Ball 2-2: Ball 3-2: Base on Balls
|
|
Batting: RHB Alex Jackson
|
0-0: Foul Ball, location: 5SF 0-1: Swinging Strike 0-2: Foul Ball, location: 9LMF 0-2: Ball 1-2: Ball 2-2: SINGLE (Line Drive, 89S, EV 106.9 MPH) Eric Stewart to second
|
|
Pitching: RHP Jeff Hornsby
|
|
|
Batting: LHB Ryan McMahon
|
0-0: Ball 1-0: Called Strike 1-1: Called Strike 1-2: Ball 2-2: Ball 3-2: Strikes out looking
|
|
Batting: LHB Mike Hahn
|
0-0: Ball 1-0: Ball 2-0: Foul Ball, location: 2F 2-1: Fly out, F5 (Popup, 56S, EV 76.3 MPH)
|
| Top of the 5th over - 0 runs, 1 hit, 0 errors, 2 left on base; Seattle 4 - Boston 8 |
| BOTTOM OF THE 5TH |
|
Boston Red Sox batting - Pitching for Seattle Mariners : RHP Jesus Zambrano
|
|
Batting: RHB Cristián Colón
|
0-0: Called Strike 0-1: Ball 1-1: Fly out, F9 (Line Drive, 9, EV 104.4 MPH)
|
|
Pitching: LHP Jon Hall
|
|
|
Batting: RHB Kevin Plawecki
|
0-0: Ball 1-0: Called Strike 1-1: Ball 2-1: Foul Ball, location: 2F 2-2: Strikes out looking
|
|
Batting: RHB Nelson Martínez
|
0-0: Ball 1-0: Ball 2-0: Foul Ball, location: 23FF 2-1: Swinging Strike 2-2: Ground out 6-3 (Groundball, 6, EV 83.8 MPH)
|
| Bottom of the 5th over - 0 runs, 0 hits, 0 errors, 0 left on base; Seattle 4 - Boston 8 |
| TOP OF THE 6TH |
|
Seattle Mariners batting - Pitching for Boston Red Sox : RHP Jeff Hornsby
|
|
Batting: LHB Bob Hollis
|
0-0: Swinging Strike 0-1: Foul Ball, location: 9LMF 0-2: Ball 1-2: Foul Ball, location: 2RF 1-2: Foul Ball, location: 5FF 1-2: Foul Ball, location: 2F 1-2: Fly out, F6 (Line Drive, 6, EV 66.3 MPH)
|
|
Batting: RHB Chris Bryan
|
0-0: Ball 1-0: Ground out 6-3 (Groundball, 6, EV 85.6 MPH)
|
|
Batting: LHB Corey Seager
|
0-0: Ball 1-0: Fly out, F7 (Line Drive, 78M, EV 91.3 MPH)
|
| Top of the 6th over - 0 runs, 0 hits, 0 errors, 0 left on base; Seattle 4 - Boston 8 |
| BOTTOM OF THE 6TH |
|
Boston Red Sox batting - Pitching for Seattle Mariners : LHP Jon Hall
|
|
Batting: RHB Steve Pratt
|
0-0: Called Strike 0-1: Foul Ball, location: 2F 0-2: Ball 1-2: Strikes out swinging
|
|
Batting: RHB Jim Williamson
|
0-0: Called Strike 0-1: Ball 1-1: Foul Ball, location: 23F 1-2: Strikes out looking
|
|
Batting: SHB Dan Combs
|
0-0: Swinging Strike 0-1: Ball 1-1: Ground out U3 (Groundball, 34, EV 102.5 MPH)
|
| Bottom of the 6th over - 0 runs, 0 hits, 0 errors, 0 left on base; Seattle 4 - Boston 8 |
| TOP OF THE 7TH |
|
Seattle Mariners batting - Pitching for Boston Red Sox : RHP Jeff Hornsby
|
|
Batting: RHB Mario Hysquierdo
|
0-0: Ball 1-0: Called Strike 1-1: Foul Ball, location: 2RF 1-2: Foul Ball, location: 2F 1-2: Ball 2-2: Foul Ball, location: 25F 2-2: Ball 3-2: Ground out 4-3 (Groundball, 4, EV 110.6 MPH)
|
|
Batting: LHB Kolten Wong
|
0-0: SINGLE (Line Drive, 6D, EV 94.4 MPH)
|
|
Batting: LHB Eric Stewart
|
0-0: Foul Ball, location: 3FF 0-1: Fly out, F8 (Flyball, 8RD, EV 110.6 MPH)
|
|
Batting: RHB Alex Jackson
|
0-0: Swinging Strike 0-1: Ball 1-1: Called Strike 1-2: Strikes out looking
|
| Top of the 7th over - 0 runs, 1 hit, 0 errors, 1 left on base; Seattle 4 - Boston 8 |
| BOTTOM OF THE 7TH |
|
Boston Red Sox batting - Pitching for Seattle Mariners : LHP Jon Hall
|
|
Pitching: RHP Vladimir Gutierrez
|
|
|
Batting: LHB Rafael Devers
|
0-0: Foul Ball, location: 2LF 0-1: DOUBLE (Line Drive, 7LD, EV 109.4 MPH)
|
|
Batting: RHB Xander Bogaerts
|
0-0: Ball 1-0: Called Strike 1-1: Foul Ball, location: 9LSFF 1-2: Ball 2-2: Fly out, F9 (Line Drive, 9S, EV 104.4 MPH)
|
|
Batting: RHB Mookie Betts
|
0-0: Ball 1-0: Called Strike 1-1: Foul Ball, location: 7LDF 1-2: Strikes out swinging
|
|
Batting: RHB Cristián Colón
|
0-0: Ball 1-0: Called Strike 1-1: Ground out 4-3 (Groundball, 4M, EV 91.9 MPH)
|
| Bottom of the 7th over - 0 runs, 1 hit, 0 errors, 1 left on base; Seattle 4 - Boston 8 |
| TOP OF THE 8TH |
|
Seattle Mariners batting - Pitching for Boston Red Sox : RHP Jeff Hornsby
|
|
Pitching: RHP Tim McKnight
|
|
|
Batting: LHB Ryan McMahon
|
0-0: Ball 1-0: Foul Ball, location: 2F 1-1: DOUBLE (Flyball, 89XD, EV 101.9 MPH)
|
|
Batting: LHB Mike Hahn
|
0-0: DOUBLE (Line Drive, W LL, EV 96.3 MPH) Ryan McMahon scores
|
|
Batting: LHB Bob Hollis
|
0-0: Ball 1-0: Called Strike 1-1: Called Strike 1-2: Strikes out looking
|
|
Batting: RHB Chris Bryan
|
0-0: Ball 1-0: Called Strike 1-1: Ball 2-1: Foul Ball, location: 5FF 2-2: Strikes out swinging
|
|
Batting: LHB Corey Seager
|
0-0: Swinging Strike 0-1: Swinging Strike 0-2: Ball 1-2: Foul Ball, location: 7LMF 1-2: Foul Ball, location: 2F 1-2: Strikes out looking
|
| Top of the 8th over - 1 run, 2 hits, 0 errors, 1 left on base; Seattle 5 - Boston 8 |
| BOTTOM OF THE 8TH |
|
Boston Red Sox batting - Pitching for Seattle Mariners : RHP Vladimir Gutierrez
|
|
Batting: RHB Kevin Plawecki
|
0-0: Called Strike 0-1: Called Strike 0-2: Ball 1-2: Fly out, F9 (Flyball, 89M, EV 88.1 MPH)
|
|
Batting: RHB Nelson Martínez
|
0-0: Ball 1-0: Ground out 6-3 (Groundball, 6, EV 101.9 MPH)
|
|
Batting: RHB Steve Pratt
|
0-0: Ground out 3-1 (Groundball, 34, EV 90.6 MPH)
|
| Bottom of the 8th over - 0 runs, 0 hits, 0 errors, 0 left on base; Seattle 5 - Boston 8 |
| TOP OF THE 9TH |
|
Seattle Mariners batting - Pitching for Boston Red Sox : RHP Tim McKnight
|
|
Pitching: RHP Doug Bergeron
|
|
|
Batting: RHB Mario Hysquierdo
|
0-0: Ball 1-0: Ball 2-0: Called Strike 2-1: SOLO HOME RUN (Flyball, 9LD, EV 94.4 MPH), Distance : 358 ft
|
|
Batting: LHB Kolten Wong
|
0-0: Ball 1-0: SINGLE (Groundball, 34D, EV 103.1 MPH)
|
|
Batting: LHB Eric Stewart
|
0-0: Called Strike 0-1: Grounds into double play, 5-4-3 (Groundball, 56, EV 79.4 MPH)
|
|
Batting: RHB Alex Jackson
|
0-0: Fly out, F2 (Popup, 5SF, EV 74.4 MPH)
|
| Top of the 9th over - 1 run, 2 hits, 0 errors, 0 left on base; Seattle 6 - Boston 8 |
|